 Dungeon Crawl Stone Soup version 0.30.1-3-gfc49f6343a (webtiles) character file.

Game seed: 16355383408154498350

1127 LynnLen the Sneak (level 8, -9/36 HPs)
             Began as a Spriggan Enchanter on Aug 5, 2023.
             Mangled by an orc warrior
             ... wielding a +3 scimitar
              (21 damage)
             ... on level 5 of the Dungeon.
             The game lasted 00:20:38 (6597 turns).

LynnLen the Sneak (Spriggan Enchanter)              Turns: 6597, Time: 00:20:39

Health: -9/36      AC:  2    Str:  4    XL:     8   Next: 13%
Magic:  17/17      EV: 19    Int: 24    God:
Gold:   137        SH:  0    Dex: 16    Spells: 9/17 levels left

rFire   + . .        a - +1 dagger
rCold   . . .        (no shield)
rNeg    . . .        b - +0 robe
rPois   .            (helmet restricted)
rElec   .            (no cloak)
rCorr   .            (gloves unavailable)
SInv    +            (boots unavailable)
Will    +....        (no amulet)
Stlth   ++++         l - +6 ring of intelligence
HPRegen 0.26/turn    n - ring of protection from fire
MPRegen 0.15/turn

%: no passive effects
@: very quick
A: very small, no large weapons, unfitting armour, see invisible, speed 3
a: no special abilities


You were on level 5 of the Dungeon.
You visited 2 branches of the dungeon, and saw 7 of its levels.

You collected 296 gold pieces.
You spent 159 gold pieces at shops.

Inventory:

Hand Weapons
 a - a +1 dagger (weapon)
Missiles
 w - 3 throwing nets
Armour
 b - a +0 robe (worn)
Jewellery
 l - a +6 ring of intelligence (left hand)
 n - a ring of protection from fire (right hand)
 t - an amulet of faith
 B - a ring of resist corrosion
Wands
 s - a wand of flame (21)
 x - a wand of polymorph (8)
 C - a wand of digging (4)
Scrolls
 d - 2 scrolls of poison {unknown}
 e - 2 scrolls of fear {unknown}
 g - a scroll of noise {unknown}
 h - a scroll of torment {unknown}
 o - a scroll of blinking {unknown}
 u - a scroll of teleportation {unknown}
 v - a scroll of enchant weapon {unknown}
 y - a scroll of enchant armour {unknown}
 z - a scroll of silence {unknown}
Potions
 c - a potion of invisibility
 f - a potion of resistance
 i - 3 potions of might
 j - 2 potions of haste
 k - a potion of curing
 m - 2 potions of cancellation
 p - a potion of mutation
 q - 2 potions of heal wounds
 r - a potion of attraction
 A - 2 potions of berserk rage {unknown}


   Skills:
 * Level 5.2 Short Blades
 + Level 5.4 Dodging
 + Level 7.0 Stealth
 + Level 5.4 Spellcasting
 + Level 6.0 Hexes
 + Level 2.5 Ice Magic


You had 9 spell levels left.
You knew the following spells:

 Your Spells              Type           Power      Damage    Failure   Level
a - Ensorcelled Hibernat  Hex/Ice        54%        N/A       2%          2
b - Confusing Touch       Hex            35%        N/A       2%          3
c - Tukima's Dance        Hex            35%        N/A       2%          3

Your spell library contained the following spells:

 Spells                   Type           Power      Damage    Failure   Level
 Dazzling Flash           Conj/Hex       40%        N/A       8%          3
 Inner Flame              Hex/Fire       20%        N/A       8%          3
 Beastly Appendage        Tmut           12%        N/A       9%          1
 Kiss of Death            Conj/Necr      24%        2d7       9%          1
 Passwall                 Tmut/Erth      5%         N/A       13%         2
 Sublimation of Blood     Necr           6%         N/A       13%         2
 Wereblood                Tmut           6%         N/A       13%         2
 Swiftness                Air            6%         N/A       26%         3
 Dispel Undead            Necr           6%         3d8       63%         4
 Flame Wave               Conj/Fire      6%         2d5       63%         4
 Sticky Flame             Conj/Fire      6%         2d3       63%         4
 Summon Hydra             Summ           3%         N/A       100%        7
 Discord                  Hex            17%        N/A       100%        8
 Necromutation            Tmut/Necr      3%         N/A       100%        8


Dungeon Overview and Level Annotations

Branches:
Dungeon (6/15)             Temple (1/1) D:4

Altars:
Ashenzari
Gozag
Hepliaklqana
Kikubaaqudgha
Makhleb
Nemelex Xobeh
Okawaru
Qazlal
Ru
Sif Muna
Trog
Uskayaw
Vehumet
Xom
Zin

Shops:
D:1 *


Innate Abilities, Weirdness & Mutations

You are very small and have problems with some larger weapons.
You are too small for most types of armour.
You have supernaturally acute eyesight. (SInv)
You cover ground extremely quickly. (Speed+++)


Message History

There is a stone staircase leading down here.
Unknown command.
Aiming: Ensorcelled Hibernation (safe; 2% risk of failure)
Press: ? - help, Q - select action, (/) - cycle Shift-Dir - straight line, f - iguana
Aim: an iguana (chance to affect: 66%)
The iguana looks drowsy...
Unknown command.
The helpless iguana fails to defend itself.
You skewer the iguana like a kebab!!!
You kill the iguana!
Your Hexes skill increases to level 6!
Aiming: Ensorcelled Hibernation (safe; 2% risk of failure)
Press: ? - help, Q - select action, (/) - cycle Shift-Dir - straight line, f - orc
Aim: an orc, wielding a +0 flail (chance to affect: 74%)
The orc looks drowsy...
The helpless orc fails to defend itself.
You stick the orc like a pincushion!!!
You kill the orc!
You start resting.
HP restored.
You start resting.
Magic restored.
You see here a +0 flail.
There is a stone staircase leading down here.
You climb downwards.
The orc wizard shouts!
You hear a shout!
The orc completely misses you.
The orc wizard casts a spell.
The orc wizard flickers and vanishes for a moment.
The orc warrior hits you with a +3 scimitar!
You hear a loud, deep croak!
There is a stone staircase leading up, spattered with blood here.
The orc closely misses you.
The orc warrior hits you with a +3 scimitar!
You climb upwards.
There is a stone staircase leading down here.
Unknown command.
The orc warrior hits you with a +3 scimitar!!
Ouch! That really hurt!
You die...

........####..#.##.#.#.....###...
................##.#.#.....##....
...........#....##.#.#.....##...#
...................#.####..#....#
≈≈≈≈≈≈..........####.........#..#
.........#.................###..#
.≈≈≈.≈................###..###..#
.....≈......#...#o#.### #........
.._..≈......#...@>o)# ###.[......
.....≈......#...#######..........
.≈≈≈.≈...........)..........##..#
............#...#######.#.#.##..#
≈≈≈≈≈≈.#....#...#######..........
.................................
.#...###....#...######..........#
.##..###....#...# ##.##.(.#.###.#
.#..............# #..##..........


You could see an orc warrior and an orc.

Vanquished Creatures
  Grinder (D:3)
  2 vampire mosquitoes (D:5)
  A centaur (D:5)
  A phantom (D:5)
  A scorpion (D:5)
  2 iguanas (D:5)
  2 orc wizards (D:4)
  9 gnolls
  9 adders
  A river rat (D:4)
  A white imp (D:5)
  2 ufetubi (D:4)
  2 worms (D:4)
  3 dart slugs
  10 orcs
  5 ball pythons
  2 endoplasms
  5 giant cockroaches
  5 hobgoblins
  4 jackals (D:4)
  9 kobolds
  A quokka (D:4)
  5 bats
  2 frilled lizards
  8 goblins
  3 rats
96 creatures vanquished.

Vanquished Creatures (collateral kills)
  An orc priest (D:4)
  3 gnolls
  3 orcs (D:4)
  2 goblins (D:4)
9 creatures vanquished.

Vanquished Creatures (others)
  3 dancing weapons
3 creatures vanquished.

Grand Total: 108 creatures vanquished

Notes
Turn   | Place    | Note
-------+----------+-------------------------------------------
     0 | D:1      | LynnLen the Spriggan Enchanter began the quest for the Orb.
     0 | D:1      | Reached XP level 1. HP: 9/9 MP: 5/5
   257 | D:1      | Found Johizabe's Assorted Antiques.
   289 | D:1      | Reached XP level 2. HP: 13/13 MP: 7/7
  1187 | D:1      | Learned a level 2 spell: Ensorcelled Hibernation
  1191 | D:2      | Reached XP level 3. HP: 10/16 MP: 5/8
  1206 | D:1      | Learned a level 3 spell: Confusing Touch
  1210 | D:1      | Learned a level 3 spell: Tukima's Dance
  1346 | D:2      | Got the Codex of Evolving Charms
  2164 | D:3      | Reached XP level 4. HP: 21/21 MP: 7/10
  2189 | D:3      | Found a radiant altar of Vehumet.
  2657 | D:3      | Reached skill level 5 in Stealth
  2991 | D:3      | Found a faded altar of an unknown god.
  3329 | D:3      | Noticed Grinder
  3339 | D:3      | Killed Grinder
  3340 | D:3      | Reached skill level 5 in Hexes
  3340 | D:3      | Reached skill level 1 in Ice Magic
  3340 | D:3      | Reached XP level 5. HP: 24/24 MP: 10/12
  3340 | D:3      | Reached XP level 6. HP: 28/28 MP: 10/13
  3472 | D:1      | Bought a scroll of identify for 54 gold pieces
  3472 | D:1      | Bought a scroll labelled UKHOF DUSEZIS for 27 gold pieces
  3472 | D:1      | Bought a scroll labelled TIHEVY GOWUSEI for 27 gold pieces
  3472 | D:1      | Bought a scroll labelled UPUOCO TOFFULA for 27 gold pieces
  3472 | D:1      | Bought a grey potion for 24 gold pieces
  3566 | D:4      | Found a staircase to the Ecumenical Temple.
  4022 | D:4      | Found a bloodstained altar of Trog.
  4046 | D:4      | Found a glowing silver altar of Zin.
  4047 | D:4      | Found a sacrificial altar of Ru.
  4175 | D:4      | Found a sparkling altar of Nemelex Xobeh.
  4443 | D:4      | Reached skill level 6 in Stealth
  4527 | D:4      | Found an iron altar of Okawaru.
  4579 | D:5      | Entered Level 5 of the Dungeon
  4679 | D:4      | Reached XP level 7. HP: 17/32 MP: 8/15
  4908 | D:4      | Identified the +3 leather armour "Emisess" {rElec rN+
                  | rCorr}
  5473 | Temple   | Entered the Ecumenical Temple
  5646 | D:5      | Found an ancient bone altar of Kikubaaqudgha.
  5827 | D:5      | Reached skill level 5 in Spellcasting
  6109 | D:5      | Found a shimmering blue altar of Sif Muna.
  6245 | D:5      | Found a shimmering altar of Xom.
  6449 | D:6      | Noticed a vampire mosquito
  6449 | D:6      | Noticed a vampire mosquito
  6449 | D:6      | Noticed a vampire mosquito
  6465 | D:5      | Killed a vampire mosquito
  6466 | D:5      | Reached skill level 5 in Dodging
  6467 | D:5      | Killed a vampire mosquito
  6468 | D:5      | Reached skill level 5 in Short Blades
  6468 | D:5      | Reached XP level 8. HP: 29/36 MP: 10/16
  6507 | D:5      | Reached skill level 7 in Stealth
  6597 | D:5      | Mangled by an orc warrior

Illustrated notes

Levels and vault maps discovered:
D:1:      dpeg_arrival_stonehenge_12_columns, layout_loops_corners,
          serial_shops, shop
D:2:      layout_basic
D:3:      layout_basic, mainiacjoe_overflow_paths,
          hellmonk_ecumenical_altar_zigzags, grunt_ministairs_5, minmay_cut_off,
          uniq_grinder
D:4:      layout_basic, kennysheep_okawaru_gauntlet,
          nicolae_overflow_crystal_walls, gammafunk_temple_overflow_statue,
          lemuel_coloured_pillars_altar, minmay_temple_entry_grid,
          gup_sewer_entry_spiral
D:5:      layout_basic, amcnicky_altar_gilded, marbit_many_paths,
          mainiacjoe_overflow_cross_hatched
D:6:      minmay_cornered_nines, layout_loops_ring, fedhas_altar_1,
          serial_shops, kennysheep_mini_moat, kennysheep_generic_room_10
Temple:   hellmonk_temple_micro_hex

Skill      XL: |  1  2  3  4  5  6  7  8 |
---------------+-------------------------+-----
Spellcasting   | 3 4 5 |  5.4
Dodging        | 3 4 5 |  5.4
Hexes          | 4 5 6 |  6.0
Short Blades   | 3 5 |  5.2
Stealth        | 5 6 7 |  7.0
Ice Magic      | 1 2 |  2.5

Action                     |  1- 3 |  4- 6 |  7- 9 || total
---------------------------+-------+-------+-------++-------
  Melee: Dagger            |    73 |   160 |    99 ||   332
         Punch             |     1 |     5 |     1 ||     7
   Cast: Ensorcelled Hiber |    11 |    28 |    17 ||    56
         Tukima's Dance    |       |    16 |     7 ||    23
         Confusing Touch   |       |     1 |     7 ||     8
    Use: Scroll            |     3 |     4 |     1 ||     8
         Potion            |       |     3 |     1 ||     4
   Stab: Sleeping          |    18 |    21 |    10 ||    49
         Invisible         |       |     1 |       ||     1
         Confused          |       |       |     7 ||     7
 Armour: Robe              |    10 |    10 |     6 ||    26
  Dodge: Dodged            |    43 |   128 |    75 ||   246
